 Dungeon Crawl Stone Soup version 0.30-a0-883-g5ad918d77d (webtiles) character file.

Game seed: 4583963585482978186

6226 warriortoast the Fighter (level 10, -3/86 (87) HPs)
             Began as a Barachi Fighter on Mar 16, 2023.
             Was a Priest of Okawaru.
             Slain by a boulder beetle (16 damage)
             ... on level 9 of the Dungeon.
             The game lasted 00:47:47 (17058 turns).

warriortoast the Fighter (Barachi Fighter)         Turns: 17058, Time: 00:47:48

HP:   -3/86 (87)    AC: 12    Str: 21    XL:     10   Next: 92%
MP:   12/12         EV:  9    Int: 10    God:    Okawaru [***...]
Gold: 232           SH:  5    Dex: 11    Spells: 9/9 levels left

rFire   . . .      SeeInvis +    j - +3 hand axe (heavy)
rCold   . . .      Faith    .    c - +0 buckler
rNeg    . . .      Spirit   .    b - +0 scale mail
rPois   .          Reflect  .    (no helmet)
rElec   .          Rampage  .    H - +0 cloak
rCorr   .                        F - +0 pair of gloves
Will    .....                    O - +0 pair of boots Stlth
                                 (no amulet)
HPRegen 0.34/turn                t - ring of see invisible
MPRegen 0.13/turn                (no ring)

@: unable to hop, lightly drained, slow
A: amphibious, slowness 1, strong legs 1, +LOS
a: Hop, Renounce Religion, Heroism


You were on level 9 of the Dungeon.
You worshipped Okawaru.
Okawaru was most pleased with you.
You visited 2 branches of the dungeon, and saw 10 of its levels.
You also visited: Ossuary.

You collected 508 gold pieces.
You spent 276 gold pieces at shops.

Inventory:

Hand Weapons
 a - a +0 war axe
 j - a +3 heavy hand axe (weapon)
 D - a +5 flail of holy wrath
Missiles
 y - 2 atropa-tipped darts
 C - 26 poisoned darts
 K - 5 boomerangs (quivered)
 L - 3 javelins
 R - 3 silver boomerangs
Armour
 b - a +0 scale mail (worn)
 c - a +0 buckler (worn)
 k - a +0 tower shield
 z - a +0 chain mail
 B - a +3 plate armour
 F - a +0 pair of gloves (worn)
 H - a +0 cloak (worn)
 O - a +0 pair of boots (worn)
 P - a scarf of shadows
Jewellery
 t - a ring of see invisible (left hand)
 w - an amulet of regeneration
Wands
 E - a wand of mindburst (7)
 Q - a wand of flame (27)
Scrolls
 g - a scroll of silence {unknown}
 n - 3 scrolls of teleportation
 o - 3 scrolls of blinking
 p - a scroll of amnesia
 r - 3 scrolls of magic mapping
 v - 2 scrolls of vulnerability
 G - 2 scrolls of fog {unknown}
 I - a scroll of identify
 J - 3 scrolls of enchant weapon
 M - a scroll of enchant armour {unknown}
Potions
 d - 3 potions of might
 e - 5 potions of curing
 f - 2 potions of haste
 h - 2 potions of lignification
 i - 2 potions of ambrosia
 l - 2 potions of mutation
 m - 4 potions of brilliance
 q - 2 potions of invisibility
 s - 2 potions of attraction
 u - 2 potions of heal wounds
 x - a potion of magic
 A - a potion of flight
 N - a potion of cancellation


   Skills:
 + Level 11.0 Fighting
 + Level 9.9 Axes
 + Level 3.8 Throwing
 + Level 8.1 Armour
 + Level 7.4 Shields
 + Level 3.6 Invocations


You had 9 spell levels left.
You didn't know any spells.
Your spell library contained the following spells:

 Spells                   Type           Power      Damage    Failure   Level
 Apportation              Tloc           0%         N/A       75%         1
 Necrotise                Necr           0%         1d4       75%         1
 Shock                    Conj/Air       0%         1d3       75%         1
 Slow                     Hex            0%         N/A       75%         1
 Sublimation of Blood     Necr           0%         N/A       86%         2
 Confusing Touch          Hex            0%         N/A       98%         3
 Swiftness                Air            0%         N/A       98%         3
 Vampiric Draining        Necr           0%         2d6       98%         3
 Airstrike                Air            0%         2d(0-16)  100%        4
 Petrify                  Tmut/Erth      0%         N/A       100%        4
 Irradiate                Conj/Tmut      0%         3d11      100%        5
 Metabolic Englaciation   Hex/Ice        0%         N/A       100%        5
 Statue Form              Tmut/Erth      0%         N/A       100%        6
 Summon Small Mammal      Summ           Unusable   N/A       N/A         1

Dungeon Overview and Level Annotations

Branches:
Dungeon (9/15)             Temple (1/1) D:4            Lair (0/5) D:8
Ossuary (visited)
    Orc: D:9-12

Altars:
Ashenzari
Cheibriados
Dithmenos
Elyvilon
Fedhas
Gozag
Kikubaaqudgha
Makhleb
Nemelex Xobeh
Okawaru
Qazlal
Ru
Sif Muna
Trog
Uskayaw
Vehumet
Wu Jian
Xom
Yredelemnul
Zin
The Shining One

Shops:
D:3 !   D:7 [*(

Annotations:
D:7 3 runed translucent doors, AverageBear's ghost, novice OpFi; asti's ghost, novice MiFi; dracfodder's ghost, novice GrFi; jasper's ghost, novice DsNe


Innate Abilities, Weirdness & Mutations

You are amphibious.
You cover ground slowly.
You can hop short distances.
You have an extended range of vision and can be seen from far away.


Message History

No target in view!
HP restored.
K - 5 boomerangs (gained 2)
Found a stone staircase leading up.
Things that are here:
a +2 halberd; a +1 ring mail of poison resistance You enter the deep water.
You enter the deep water.
You enter the deep water.
Done exploring.
Done exploring.
You enter the deep water.
The boulder beetle curls into a ball and begins rolling!
You enter the deep water.
The boulder beetle attacks as you move away!
The boulder beetle hits you!!!
The boulder beetle stops rolling and uncurls.
The boulder beetle barely misses you.
The boulder beetle attacks as you move away!
The boulder beetle closely misses you.
The boulder beetle curls into a ball and begins rolling!
The boulder beetle barely misses you.
The boulder beetle stops rolling and uncurls.
The boulder beetle curls into a ball and begins rolling!
Hop to where?
Press: ? - help, Dir - move target Boing!
You enter the deep water.
The boulder beetle hits you!!!
Ouch! That really hurt!
* * * LOW HITPOINT WARNING * * *
The boulder beetle stops rolling and uncurls.
The boulder beetle attacks as you move away!
The boulder beetle barely misses you.
The boulder beetle curls into a ball and begins rolling!
You enter the deep water.
You enter the deep water.
The boulder beetle barely misses you.
The boulder beetle stops rolling and uncurls.
The boulder beetle attacks as you move away!
The boulder beetle bites you!
You die...

####)#########.##...≈≈≈≈≈...#..#.
...#..).........#..............#.
...#............#..#...........#.
...#............####....#####..##
########...######..#....#........
.......#........>..≈....#........
.......#......≈...≈#≈...#........
########..#..≈#≈#≈#..≈..######...
..........#.≈#.#@#...#≈......#...
..........#≈#..B#...#≈.......#...
..........≈#...#○..#≈........#...
###......≈#...#≈#.#≈#..##########
..#.......≈#.#≈#≈#.#≈..#.........
..#........≈#.#≈#○..#≈.#.........
###..##...≈#..°#...#≈##########..
..#......≈#...#...#≈...#.........
..#.....≈#...#≈#.#≈....#.........


You could see a boulder beetle.

Vanquished Creatures
  A two-headed ogre (D:9)
  Pikel (D:4)
  Sigmund (D:4)
  A wraith (D:9)
  A vampire (D:9)
  A wyvern (D:7)
  A steam dragon (D:8)
  Edmund (D:4)
  Duvessa (D:5)
  2 orc warriors
  An ice beast (D:6)
  8 black bears
  An ogre (D:5)
  3 centaurs
  4 lemures
  2 phantoms
  4 kobold brigands
  Blork the orc (D:4)
  4 bullfrogs
  An elf zombie (Ossuary)
  4 scorpions
  A gnoll sergeant (D:8)
  4 wights
  Dowan (D:5)
  5 killer bees (D:9)
  An electric eel (D:9)
  5 howler monkeys
  A centaur zombie (Ossuary)
  7 hounds
  5 orc priests
  A jelly (D:8)
  2 human zombies (Ossuary)
  2 sleepcaps
  Ijyb (D:4)
  Terence (D:2)
  An orc wizard (D:7)
  3 iguanas
  2 mummies (Ossuary)
  16 gnolls
  5 adders
  2 shadow imps (D:7)
  3 white imps
  An ufetubus (D:7)
  2 adder zombies (Ossuary)
  2 worms
  A dart slug (D:1)
  23 orcs
  4 ball pythons
  8 endoplasms
  6 giant cockroaches
  4 hobgoblins
  23 kobolds
  4 quokkas
  5 bats
  7 frilled lizards
  13 goblins
  2 goblin zombies (Ossuary)
  7 hobgoblin zombies (Ossuary)
  12 kobold zombies (Ossuary)
  8 orc zombies (Ossuary)
  3 rats
  2 rat zombies (Ossuary)
250 creatures vanquished.

Vanquished Creatures (others)
  10 fungi (D:8)
  13 plants (D:8)
  2 withered plants (D:7)
25 creatures vanquished.

Grand Total: 275 creatures vanquished

Notes
Turn   | Place    | Note
-------+----------+-------------------------------------------
     0 | D:1      | warriortoast the Barachi Fighter began the quest for the
                  | Orb.
     0 | D:1      | Reached XP level 1. HP: 18/18 MP: 1/1
   121 | D:1      | Reached XP level 2. HP: 22/25 MP: 2/2
   298 | D:1      | Reached skill level 4 in Fighting
   451 | D:1      | Reached XP level 3. HP: 30/30 MP: 3/3
   896 | D:2      | Noticed Terence
  1004 | D:2      | Killed Terence
  1006 | D:2      | Reached XP level 4. HP: 26/37 MP: 4/4
  1079 | D:2      | Found a faded altar of an unknown god.
  1727 | D:3      | Reached XP level 5. HP: 42/43 MP: 5/5
  1780 | D:3      | Found Joutad's Distillery.
  1785 | D:3      | Bought a potion of attraction for 36 gold pieces
  1785 | D:3      | Bought a potion of heal wounds for 60 gold pieces
  1785 | D:3      | Bought a potion of degeneration for 12 gold pieces
  1785 | D:3      | Bought a potion of curing for 36 gold pieces
  2991 | D:3      | Bought a potion of flight for 36 gold pieces
  3098 | D:4      | Noticed a black bear
  3264 | D:4      | Reached skill level 5 in Armour
  3266 | D:4      | Noticed a phantom
  3267 | D:4      | Reached XP level 6. HP: 50/50 MP: 6/6
  3280 | D:4      | Reached skill level 5 in Fighting
  3310 | D:4      | Found a sand-covered staircase.
  3314 | Ossuary  | Entered an ossuary
  3424 | Ossuary  | Reached skill level 5 in Shields
  3426 | Ossuary  | Reached XP level 7. HP: 24/56 MP: 7/7
  4056 | D:4      | Noticed Pikel
  4441 | D:4      | Found a staircase to the Ecumenical Temple.
  4447 | Temple   | Entered the Ecumenical Temple
  4843 | D:4      | Noticed Sigmund
  5018 | D:4      | Killed Sigmund
  5019 | D:4      | Reached skill level 6 in Fighting
  5019 | D:4      | Reached skill level 5 in Axes
  5295 | D:4      | Noticed Edmund
  5327 | D:4      | Killed Edmund
  5328 | D:4      | Reached XP level 8. HP: 36/65 MP: 8/8
  5544 | D:4      | Noticed Blork the orc
  5546 | D:4      | Noticed Ijyb
  5556 | D:4      | Killed Blork the orc
  5558 | D:4      | Killed Ijyb
  5559 | D:4      | Reached skill level 7 in Fighting
  5789 | D:5      | Entered Level 5 of the Dungeon
  6261 | D:4      | Found an iron altar of Okawaru.
  6270 | D:4      | Became a worshipper of Warmaster Okawaru
  6320 | D:5      | Reached skill level 8 in Fighting
  6534 | D:4      | Killed Pikel
  6534 | D:4      | Reached * piety under Okawaru
  6535 | D:4      | Reached skill level 9 in Fighting
  6535 | D:4      | Reached XP level 9. HP: 49/76 MP: 9/9
  7489 | D:5      | Noticed Dowan
  7490 | D:5      | Noticed Duvessa
  7501 | D:5      | Killed Duvessa
  7510 | D:5      | Killed Dowan
  7510 | D:5      | Reached ** piety under Okawaru
  8335 | D:6      | Reached skill level 10 in Fighting
  8867 | D:6      | Reached skill level 1 in Invocations
  9214 | D:7      | Found Tatirheh's Armour Shoppe.
  9217 | D:7      | Found Taufarug's Lightly-Used Armoury.
  9250 | D:6      | Reached skill level 1 in Throwing
  9488 | D:7      | Found Buskaet's Antique Weapon Emporium.
  9722 | D:3      | Bought a potion of invisibility for 96 gold pieces
 10220 | D:7      | Found a runed translucent gate.
 10352 | D:7      | Reached XP level 10. HP: 80/85 MP: 11/11
 10701 | D:7      | Found a runed translucent gate.
 10702 | D:7      | Found a runed translucent gate.
 10702 | D:7      | Noticed asti's ghost (novice MiFi)
 10702 | D:7      | Noticed dracfodder's ghost (novice GrFi)
 10702 | D:7      | Noticed AverageBear's ghost (novice OpFi)
 10703 | D:7      | Noticed jasper's ghost (novice DsNe)
 12212 | D:8      | Reached *** piety under Okawaru
 12663 | D:8      | Found an ancient bone altar of Kikubaaqudgha.
 12747 | D:8      | Found a sparkling altar of Nemelex Xobeh.
 12843 | D:8      | Found a staircase to the Lair.
 12884 | D:8      | Found a glowing silver altar of Zin.
 13510 | D:9      | Noticed a two-headed ogre
 13551 | D:9      | Killed a two-headed ogre
 13973 | D:9      | Noticed a boulder beetle
 14333 | D:9      | Reached skill level 11 in Fighting
 17058 | D:9      | Slain by a boulder beetle

Illustrated notes

Levels and vault maps discovered:
D:1:      dpeg_arrival_round_a, layout_basic, minmay_tripent
D:2:      layout_basic, nicolae_ecumenical_lake_church, uniq_terence
D:3:      layout_loops_corners, serial_shops, shop
D:4:      layout_basic, nicolae_overflow_hidden_temple,
          minmay_temple_entry_fiery, enter_ossuary_5, uniq_pikel, uniq_ijyb,
          uniq_blork_the_orc, uniq_sigmund, uniq_edmund
D:5:      layout_basic, uniq_duvessa
D:6:      layout_basic
D:7:      dreamdust_elfheim, layout_rooms, gammafunk_ghost_cemetery,
          serial_shops, nicolae_stop_n_shop_2, minmay_hedge_maze,
          minmay_misc_feat_more_columns, minmay_shop_damaged,
          nicolae_stop_n_shop_2, chequers_serial_rivers_large_a
D:8:      layout_cave_pools, zin_treasury, mainiacjoe_overflow_big_doors,
          grunt_lair_entry_orc_guard_hut
D:9:      layout_grid_maze, chequers_serial_rivers_room_b, nicolae_water_bricks,
          grunt_decor_junction
Temple:   minmay_temple_bridge_d

Skill      XL: |  1  2  3  4  5  6  7  8  9 10 |
---------------+-------------------------------+-----
Armour         | 4 5 6 8 |  8.1
Fighting       | 4 5 6 9 10 11 | 11.0
Axes           | 3 4 5 7 9 |  9.9
Shields        | 4 5 6 7 |  7.4
Invocations    | 1 3 |  3.6
Throwing       | 1 3 |  3.8

Action                     |  1- 3 |  4- 6 |  7- 9 | 10-12 || total
---------------------------+-------+-------+-------+-------++-------
  Melee: War axe           |    30 |       |       |       ||    30
         Hand axe          |    27 |   143 |   277 |   134 ||   581
  Throw: Javelin           |     3 |     5 |     4 |     6 ||    18
         Dart              |       |    13 |    40 |    81 ||   134
         Boomerang         |       |       |       |   128 ||   128
 Invoke: Heroism           |       |       |       |     3 ||     3
Ability: Hop               |       |     3 |     3 |     6 ||    12
  Evoke: Wand              |       |       |     3 |    17 ||    20
    Use: Scroll            |     2 |     8 |     5 |     2 ||    17
         Potion            |       |     1 |     1 |       ||     2
 Armour: Scale mail        |    39 |    86 |   146 |   110 ||   381
  Dodge: Dodged            |    34 |    67 |   134 |    95 ||   330
  Block: Buckler           |    19 |    40 |    68 |    52 ||   179

Table legend: (Time is in decaauts)
 A = Elapsed time spent in this place.
 B = Non-inter-level travel time spent in this place.
 C = Inter-level travel time spent in this place.
 D = Time resting spent in this place.
 E = Time spent auto-exploring this place.
 F = Levels seen in this place.
 G = Mean time per level.
                   A        B        C        D        E       F      G
               +--------+--------+--------+--------+--------+-----+--------+
         Total |  18966 |  17713 |   1253 |   7311 |   7458 |  11 | 1724.2 |
       Dungeon |  17694 |  16614 |   1080 |   6862 |   7170 |   9 | 1966.0 |
        Temple |    449 |    277 |    172 |      0 |    262 |   1 |  449.0 |
       Ossuary |    821 |    821 |      0 |    449 |     25 |   1 |  821.0 |
               +--------+--------+--------+--------+--------+-----+--------+

Top non-repeatable levels by time:
     D:9: 4128 daAuts
     D:4: 2417 daAuts
     D:7: 2322 daAuts
     D:3: 2132 daAuts
     D:5: 1724 daAuts
     D:6: 1598 daAuts
     D:8: 1374 daAuts
     D:1: 1123 daAuts
     D:2: 873 daAuts
 Ossuary: 821 daAuts
  Temple: 449 daAuts
